Map: Dusk Towers

Players

LilDicky

  • Race: Terran Terran
  • League: Diamond

Allbeert - Winner!

  • Race: Terran Terran
  • League: Diamond

VOD

http://www.twitch.tv/tumescentpie

Description

Time

  • Played on: Dec. 23, 2015, 8:19 p.m.
  • Length: 17:49
Show
View Real Time Build Order
Export as new Build Order

LilDicky Terran 

Build Orders:  

Get SALT Encoding   

  12  0:03  SCV  
  13  0:15  SCV  
  13  0:19  Supply Depot  
  14  0:30  SCV  
  15  0:42  SCV  
  16  0:54  SCV, Barracks  
  17  1:06  SCV  
  18  1:20  SCV  
  19  1:32  SCV  
  20  1:42  Supply Depot, Marine  
  20  1:46  Orbital Command  
  21  1:51  Refinery  
  21  2:00  Marine  
  22  2:01  Command Center  
  22  2:12  SCV  
  23  2:15  Refinery  
  23  2:17  Marine  
  24  2:24  SCV  
  24  2:26  Refinery  
  25  2:36  SCV, Marine  
  27  2:48  SCV  
  28  2:54  Factory, Marine  
  29  3:01  SCV  
  30  3:12  Marine  
  31  3:22  Orbital Command  
  31  3:24  SCV  
  32  3:32  Marine  
  33  3:36  SCV  
  33  3:39  Factory Tech Lab, Starport  
  34  3:45  Supply Depot  
  35  3:48  SCV  
  35  3:53  SCV  
  35  3:54  Marine  
  37  4:00  SCV  
  38  4:05  SCV  
  39  4:10  Supply Depot  
  39  4:12  SCV  
  41  4:17  SCV  
  41  4:20  Banshee  
  41  4:21  Cloaking Field  
  41  4:22  Supply Depot  
  41  4:24  Factory Tech Lab, SCV  
  44  4:28  Marine  
  44  4:29  SCV  
  47  4:37  SCV  
  47  4:46  Marine  
  47  4:51  Supply Depot  
  48  4:56  Siege Tank  
  48  4:57  Engineering Bay  
  48  4:58  SCV  
  52  5:03  Banshee  
  52  5:04  Marine  
  55  5:07  Command Center  
  51  5:14  Engineering Bay  
  51  5:22  Marine  
  51  5:28  Siege Tank  
  52  5:32  Missile Turret  
  51  5:36  Missile Turret  
  43  5:52  SCV x2  
  44  6:00  Siege Tank  
  44  6:01  Marine  
  44  6:02  Raven, Missile Turret  
  50  6:04  SCV x2  
  52  6:24  SCV  
  53  6:32  Siege Tank  
  56  6:44  Orbital Command  
  56  6:45  Banshee  
  56  6:46  SCV  
  57  6:48  Starport  
  57  6:56  SCV  
  58  7:04  Siege Tank  
  61  7:15  SCV x3  
  61  7:28  Viking  
  63  7:31  Missile Turret  
  63  7:33  Missile Turret  
  63  7:36  Siege Tank  
  66  7:43  SCV x2  
  68  7:55  Missile Turret  
  68  7:58  Viking  
  68  8:00  Starport Reactor  
  68  8:02  Missile Turret  
  70  8:08  Siege Tank  
  73  8:13  Terran Infantry Weapons Level 1  
  73  8:15  Missile Turret  
  73  8:21  Orbital Command  
  73  8:25  Missile Turret  
  73  8:26  Missile Turret  
  73  8:27  Refinery  
  67  8:37  Missile Turret  
  40  8:55  Siege Tank  
  40  8:59  Viking x2  
  40  9:00  Missile Turret  
  47  9:05  SCV x2  
  49  9:10  SCV  
  49  9:14  Missile Turret  
  50  9:17  SCV x2  
  50  9:22  SCV  
  48  9:29  Viking x3  
  53  9:39  SCV x2  
  53  9:41  SCV  
  53  9:43  Refinery  
  56  9:51  SCV  
  57  9:53  Marine  
  57  9:54  Refinery  
  57  9:56  Siege Tank  
  57  9:57  SCV  
  57  9:59  Viking x2  
  66  10:07  Terran Infantry Armor Level 1, Hi-Sec Auto Tracking  
  66  10:12  Armory  
  66  10:14  Armory, SCV x2  
  66  10:20  Missile Turret  
  68  10:28  SCV x2  
  70  10:31  Missile Turret  
  70  10:32  Missile Turret  
  70  10:34  Siege Tank  
  73  10:38  Missile Turret  
  73  10:41  Marine  
  73  10:42  Banshee, Viking x2  
  78  10:44  SCV x2  
  78  10:48  Refinery  
  83  10:55  Supply Depot  
  83  10:56  Supply Depot  
  76  11:18  SCV  
  77  11:23  SCV x2, Siege Tank  
  77  11:24  Viking  
  77  11:25  Banshee, Viking  
  86  11:30  SCV  
  86  11:31  Sensor Tower  
  90  11:34  Supply Depot  
  90  11:35  SCV x2  
  90  11:36  Marine  
  93  11:42  SCV  
  93  11:43  Factory x2  
  94  11:53  SCV x2  
  96  11:55  Terran Vehicle Weapons Level 1  
  96  11:59  SCV  
  97  12:06  Supply Depot  
  97  12:12  Missile Turret  
  97  12:28  SCV x2  
  99  12:34  Siege Tank  
  99  12:35  Factory Reactor  
  99  12:36  Factory Reactor  
  102  12:38  Infernal Pre-Igniter  
  102  12:41  Terran Vehicle And Ship Armor Level 1  
  102  12:44  Command Center  
  102  12:45  Refinery  
  102  12:46  Supply Depot  
  102  12:47  Refinery  
  102  13:02  SCV x2  
  102  13:03  Supply Depot  
  103  13:07  Missile Turret  
  103  13:09  Missile Turret  
  103  13:10  Missile Turret x2  
  103  13:29  Missile Turret  
  103  13:31  Siege Tank  
  103  13:32  Hellion  
  103  13:33  Hellion  
  104  13:35  SCV  
  104  13:40  SCV x2  
  107  13:47  SCV  
  108  13:52  SCV x2  
  108  13:55  Command Center, Missile Turret  
  110  13:56  Orbital Command, Liberator x2  
  110  14:00  SCV, Hellion  
  110  14:01  Hellion, Missile Turret  
  115  14:03  Siege Tank  
  115  14:05  Banshee  
  125  14:11  Missile Turret  
  127  14:17  Supply Depot  
  127  14:30  SCV x2  
  129  14:31  Command Center  
  129  14:34  Missile Turret  
  117  14:55  Terran Infantry Weapons Level 2  
  117  14:56  Terran Infantry Armor Level 2  
  117  14:57  Terran Vehicle Weapons Level 2, Terran Vehicle And Ship Armor Level 2  
  117  14:58  Marine  
  118  15:02  SCV x2  
  118  15:03  SCV  
  121  15:10  Missile Turret  
  121  15:11  Missile Turret  
  121  15:16  Marine  
  121  15:17  Missile Turret  
  122  15:22  Refinery x2  
  122  15:24  Missile Turret  
  122  15:34  Orbital Command  
  93  15:56  Widow Mine x5  
  99  16:01  SCV x2  
  99  16:03  Refinery  
  105  16:08  Missile Turret  
  105  16:10  Missile Turret  
  105  16:18  SCV x2  
  107  16:20  Banshee  
  107  16:21  Viking x2  
  107  16:24  Widow Mine x3  
  107  16:25  Widow Mine x2  
  124  16:36  Missile Turret  
  124  16:38  Missile Turret  
  117  16:47  Marine  
  117  16:53  Widow Mine  
  120  16:58  Medivac x2  
  120  16:59  SCV  
  120  17:00  SCV  
  126  17:03  Medivac  
  126  17:05  Marine  
  129  17:11  SCV x2  
  129  17:12  SCV  
  132  17:17  Command Center  
Show
View Real Time Build Order
Export as new Build Order

Allbeert Terran - Winner!

Build Orders: MMM Bio, Banshee Rush 

Get SALT Encoding   

  12  0:00  SCV  
  13  0:13  SCV  
  14  0:17  Supply Depot  
  14  0:25  SCV  
  15  0:39  SCV, Barracks  
  16  0:45  Refinery  
  16  0:51  SCV  
  17  1:03  SCV  
  18  1:17  SCV  
  19  1:30  Reaper  
  19  1:31  Orbital Command  
  20  1:34  Refinery  
  20  1:40  Supply Depot  
  20  1:57  SCV  
  21  2:05  Factory  
  20  2:09  SCV  
  20  2:13  Reaper  
  22  2:21  SCV  
  23  2:33  SCV  
  24  2:39  Command Center  
  24  2:45  SCV, Barracks Reactor  
  25  2:53  Factory Tech Lab  
  25  2:55  Starport  
  25  2:57  SCV  
  26  3:09  Supply Depot, SCV  
  27  3:22  SCV  
  27  3:24  Marine  
  27  3:25  Marine  
  30  3:29  Barracks  
  30  3:34  SCV  
  31  3:37  Banshee, Cloaking Field  
  34  3:41  Factory Tech Lab  
  34  3:43  Marine  
  34  3:44  Marine  
  34  3:46  SCV  
  37  3:57  Orbital Command  
  37  4:01  Marine x2  
  39  4:10  SCV  
  39  4:13  Barracks  
  40  4:17  Barracks Reactor  
  40  4:19  Marine  
  40  4:22  SCV  
  42  4:32  SCV  
  42  4:34  SCV  
  42  4:35  Marine  
  42  4:37  Marine  
  46  4:39  Banshee  
  46  4:44  SCV  
  48  4:46  SCV  
  48  4:48  Supply Depot  
  48  4:49  Supply Depot  
  49  4:56  SCV  
  49  4:58  SCV  
  51  5:00  Engineering Bay x2  
  51  5:09  SCV  
  51  5:11  SCV  
  53  5:21  SCV, Marine x2  
  54  5:22  Marine x2  
  54  5:23  SCV  
  59  5:33  SCV  
  59  5:35  SCV  
  64  5:42  Marine x4  
  61  5:57  SCV x2  
  61  6:02  Supply Depot, Missile Turret  
  59  6:04  Supply Depot  
  59  6:07  Viking  
  59  6:08  Missile Turret  
  59  6:09  SCV  
  58  6:15  Marine  
  58  6:16  Marine x3  
  61  6:25  Terran Infantry Weapons Level 1, Terran Infantry Armor Level 1  
  56  6:27  Stimpack  
  56  6:30  Marine  
  57  6:33  Marine x3  
  57  6:34  Marine  
  58  6:51  Marine x5  
  58  6:53  Missile Turret  
  63  6:56  Starport Reactor  
  60  7:20  SCV x2  
  62  7:25  Marine x2  
  64  7:31  Command Center  
  64  7:32  SCV, Missile Turret  
  64  7:33  Medivac  
  64  7:34  Medivac  
  64  7:35  SCV  
  68  7:39  Marine x3  
  68  7:43  Marine x2  
  68  7:45  SCV  
  69  7:56  Factory Tech Lab, SCV  
  69  7:57  SCV, Marine x3  
  74  7:59  Refinery  
  74  8:01  Refinery, Marine  
  74  8:03  Viking  
  77  8:09  SCV  
  77  8:11  Marine  
  79  8:15  Marine  
  80  8:22  Marine x3  
  83  8:29  Marine  
  83  8:32  SCV x2  
  86  8:42  Marine  
  86  8:44  Marine x2  
  86  8:46  SCV  
  53  8:57  Marine x2  
  53  8:59  SCV x2  
  53  9:00  Marine  
  53  9:01  Marine  
  53  9:02  Marine  
  54  9:10  Medivac x2  
  54  9:11  SCV x2  
  54  9:15  Marine x2  
  62  9:18  Marine  
  62  9:19  Marine  
  62  9:23  SCV x2  
  61  9:24  Marine  
  62  9:31  Command Center  
  62  9:33  Marine x2  
  62  9:35  SCV x2  
  62  9:36  Marine  
  62  9:37  Marine  
  63  9:42  Marine  
  64  9:47  SCV x2  
  64  9:49  Viking  
  64  9:50  Marine  
  64  9:51  Marine  
  70  9:54  Marine  
  70  9:59  SCV x2  
  73  10:07  Combat Shields  
  73  10:11  SCV x2  
  75  10:19  Missile Turret  
  75  10:21  Missile Turret  
  75  10:23  SCV x2, Marine x5  
  75  10:24  Widow Mine  
  75  10:25  Missile Turret, Medivac  
  86  10:42  Supply Depot, Marine x3  
  86  10:43  SCV x2, Supply Depot x2  
  86  10:46  Orbital Command  
  86  10:49  Marine  
  92  10:52  Command Center  
  92  10:53  Marine  
  92  10:55  SCV  
  94  11:00  Marine x2  
  96  11:09  Marine x2  
  96  11:10  Marine  
  96  11:11  SCV x3  
  102  11:17  Refinery  
  102  11:18  Marine  
  102  11:23  SCV  
  102  11:25  Barracks  
  104  11:27  Barracks  
  104  11:33  SCV x2  
  104  11:34  Refinery  
  104  11:35  SCV, Marine  
  108  11:45  SCV  
  108  11:46  SCV  
  110  11:49  Marine x2  
  110  11:50  Marine x2  
  110  11:53  Marine  
  115  11:58  SCV x2  
  117  12:06  Orbital Command  
  117  12:07  Marine  
  118  12:16  SCV x3, Barracks x2  
  118  12:19  Marine x2  
  118  12:20  Marine x2  
  125  12:24  Barracks x2  
  125  12:25  Marine  
  125  12:26  Armory  
  126  12:30  Missile Turret  
  126  12:32  SCV x3, Missile Turret  
  126  12:34  Missile Turret  
  129  12:40  Widow Mine  
  129  12:41  Medivac  
  129  12:42  Marine x4, Medivac  
  129  12:43  Marine  
  140  12:47  Barracks Reactor x2  
  138  13:00  Marine  
  138  13:03  Marine  
  140  13:12  Supply Depot  
  140  13:13  Supply Depot x2  
  140  13:15  Barracks Reactor x2  
  140  13:17  Supply Depot  
  140  13:18  Barracks Reactor x2  
  140  13:19  Starport x2  
  140  13:20  Supply Depot  
  140  13:21  Supply Depot, Terran Infantry Weapons Level 2, Terran Infantry Armor Level 2  
  140  13:31  Missile Turret, Marine x2  
  140  13:33  Marine x3  
  143  13:35  Marine x4  
  143  13:36  Widow Mine  
  143  13:41  Medivac  
  151  13:49  Marine x2  
  151  13:51  Marine x2, Medivac  
  151  13:53  Marine x2  
  161  13:59  Marine x3  
  161  14:00  Marine x2  
  164  14:10  Viking x4  
  164  14:15  Marine x3  
  164  14:16  Marine  
  176  14:18  Marine  
  176  14:19  Marine  
  178  14:38  Marine x2  
  180  14:40  Viking, Marine x2  
  180  14:41  Marine  
  178  14:51  Marine  
  178  14:52  Marine x8  
  175  14:53  Marine  
  175  14:54  Viking x2, Medivac x2  
  175  14:55  Medivac  
  186  15:02  Marine x2  
  187  15:19  Marine x2  
  153  15:47  Marine x2  
  153  15:48  Marine x8  
  153  15:49  Marine x4  
  149  15:50  Viking x3  
  149  15:54  Marine  
  149  15:55  Viking x3  
  156  16:06  Marine x3  
  159  16:13  Marine  
  159  16:14  Marine  
  159  16:16  Marine x2  
  159  16:17  Marine x2  
  159  16:18  Marine x5  
  167  16:20  Viking  
  167  16:23  Marine x2  
  167  16:24  Marine  
  175  16:30  Marine  
  175  16:31  Marine x2  
  175  16:32  Viking x2  
  180  16:54  Marine x6  
  181  16:55  Marine x2  
  188  17:14  Marauder, Marine x5  
  195  17:22  Marine  
  195  17:26  Marine x2  
Tags
 
Add a new tag
Caveats
  • Supply blocks, unpowered buildings, or Contaminate may cause inaccurate times.
  • Supply counts are checked every 10 seconds.